 Dungeon Crawl Stone Soup version 0.25.1-2-g60ff931df9 (webtiles) character file.

Game seed: 1318526205743728802

3358 funkygono the Basher (level 10, -4/91 HPs)
             Began as a Gargoyle Monk on Oct 23, 2020.
             Was a Priest of Okawaru.
             Slain by a two-headed ogre
             ... wielding a cursed -1 giant club
              (11 damage)
             ... on level 8 of the Dungeon.
             The game lasted 00:18:16 (8895 turns).

funkygono the Basher (Gargoyle Monk)                Turns: 8895, Time: 00:18:16

Health: -4/91      AC: 23    Str: 18    XL:     10   Next: 3%
Magic:  9/10       EV: 16    Int: 11    God:    Okawaru [***...]
Gold:   399        SH:  0    Dex: 12    Spells: 9/9 levels left

rFire    . . .     SeeInvis .   a - +1 flail (vorpal)
rCold    + . .     Gourm    .   (no shield)
rNeg     + . .     Faith    .   t - +1 ring mail
rPois    ∞         Spirit   .   d - +1 helmet
rElec    +         Reflect  .   (no cloak)
rCorr    .         Harm     .   A - +0 pair of gloves (curse)
MR       .....                  (no boots)
Stlth    ..........             (no amulet)
HPRegen  0.25/turn              e - +4 ring of protection
MPRegen  0.12/turn              o - ring of protection from cold

@: berserking, heroism, very quick
A: negative energy resistance 1, electricity resistance, unbreathing,
petrification resistance, rot immunity, AC +7
a: Heroism, Renounce Religion


You were on level 8 of the Dungeon.
You worshipped Okawaru.
Okawaru was most pleased with you.
You were not hungry.

You visited 2 branches of the dungeon, and saw 9 of its levels.
You also visited: Sewer.

You collected 399 gold pieces.

Inventory:

Hand Weapons
 a - a +1 vorpal flail (weapon)
 b - a +1 shortbow
 D - a +1 whip of flaming
Missiles
 g - 297 stones (quivered)
 j - 20 arrows
 k - 80 bolts
Armour
 d - a +1 helmet (worn)
 s - a +0 leather armour of fire resistance
 t - a +1 ring mail (worn)
 A - a cursed +0 pair of gloves (worn)
Jewellery
 e - a +4 ring of protection (left hand)
 o - a ring of protection from cold (right hand)
Scrolls
 q - 7 scrolls of remove curse
 v - 3 scrolls of magic mapping
Potions
 f - 3 potions of stabbing
 h - a potion of flight {unknown}
 i - a potion of heal wounds {unknown}
 m - 2 potions of lignification
 n - 7 potions of curing
 p - a potion of berserk rage
 r - a potion of mutation {unknown}
 w - 2 potions of brilliance
 x - a potion of ambrosia {unknown}
 z - a potion of magic {unknown}
 B - 2 potions of degeneration {unknown}
 E - a potion of might {unknown}
Comestibles
 c - 9 rations


   Skills:
 + Level 6.9(11.9) Fighting
 + Level 9.7(14.7) Maces & Flails
 + Level 5.2(10.2) Bows
 + Level 4.4(9.4) Armour
 + Level 4.9(9.9) Dodging
 - Level 2.1(7.1) Stealth
 + Level 1.0 Invocations


You had 9 spell levels left.
You didn't know any spells.
Your spell library was empty.

Dungeon Overview and Level Annotations

Branches:
Dungeon (8/15)             Temple (1/1) D:5           Sewer (visited)
   Lair: D:8-11

Altars:
Ashenzari
Cheibriados
Dithmenos
Elyvilon
Fedhas
Gozag
Hepliaklqana
Kikubaaqudgha
Makhleb
Nemelex Xobeh
Okawaru
Qazlal
Ru
Sif Muna
Trog
Uskayaw
Vehumet
Wu Jian
Xom
Yredelemnul
Zin
The Shining One


Innate Abilities, Weirdness & Mutations

You are resistant to torment.
Your stone body is resilient. (AC +7)
You are immune to poison.
You resist negative energy. (rN+)
You are resistant to electric shocks. (rElec)
You can survive without breathing.
You are immune to petrification.
You are immune to rotting.


Message History

The two-headed ogre closely misses you.
You hit the two-headed ogre.
The two-headed ogre is heavily wounded.
The two-headed ogre closely misses you.
The two-headed ogre hits you with a +0 giant club!
* * * LOW HITPOINT WARNING * * *
You hit the two-headed ogre but do no damage.
The two-headed ogre is heavily wounded.
You hit the two-headed ogre but do no damage.
The two-headed ogre is heavily wounded.
The two-headed ogre hits you but does no damage.
The two-headed ogre hits you with a +0 giant club.
* * * LOW HITPOINT WARNING * * *
A red film seems to cover your vision as you go berserk!
You feel yourself moving faster!
You feel mighty!
You sock the two-headed ogre!
The two-headed ogre is severely wounded.
The two-headed ogre barely misses you.
The two-headed ogre hits you with a +0 giant club!
You die...

#.............. ≈
#...........# ≈≈
#...........# .≈.
#...........# ...≈
#...........#..≈..≈≈≈≈.
#######.....####.......≈≈≈≈..
.........#..# #.###.≈≈≈.≈≈≈.
.####.##.#..####.# #....≈≈≈h.
.# #.##.......O@# #.(.(.≈r(≈
.# #.##########.# #.(.)(≈≈≈≈
.# #.###....#.#.###(((.≈..≈≈
.####.#......#......(%≈....≈.
....#.#.#.#..#.#.###(.(......
###.#.#......#.#.#..#(####..#
#.#.#.#.<..#.#.#..#)# #
#.#.###.##.#.#.#..#.#
#.#............#..#÷#


You could see a two-headed ogre.

Vanquished Creatures
  Pikel (D:7)
  Prince Ribbit (D:5)
  Sigmund (D:3)
  2 sky beasts
  A water moccasin (D:6)
  Duvessa (D:5)
  3 slaves (D:7)
  An ice beast (D:7)
  2 ogres
  A phantom (D:4)
  2 wolves (D:8)
  A centaur (D:5)
  A crocodile (Sewer)
  2 bullfrogs
  Dowan (D:5)
  2 scorpions (D:4)
  2 howler monkeys (D:8)
  A crimson imp (D:7)
  2 orc priests
  2 bullfrog zombies
  2 centaur skeletons (D:4)
  7 hounds
  A jelly (D:5)
  Natasha (thrice) (D:4)
  An iguana (D:4)
  8 orc wizards
  A worker ant (D:7)
  2 hound zombies
  2 hound skeletons
  A howler monkey zombie (D:7)
  9 adders
  2 oozes
  3 adder skeletons
  2 adder zombies
  7 worms
  A dart slug (D:1)
  9 leopard geckos
  23 orcs
  10 bats
  6 giant cockroaches
  10 goblins
  7 hobgoblins
  11 jackals
  6 kobolds
  4 quokkas
  A ball python (D:3)
  4 frilled lizards
  A quokka skeleton (D:5)
  7 rats
181 creatures vanquished.

Notes
Turn   | Place    | Note
-------+----------+-------------------------------------------
     0 | D:1      | funkygono the Gargoyle Monk began the quest for the Orb.
     0 | D:1      | Reached XP level 1. HP: 14/14 MP: 1/1
   190 | D:1      | Reached XP level 2. HP: 19/19 MP: 2/2
   554 | D:1      | Reached XP level 3. HP: 24/24 MP: 3/3
  1165 | D:2      | Found a shimmering altar of Xom.
  1207 | D:2      | Reached XP level 4. HP: 19/29 MP: 4/4
  1450 | D:2      | Reached skill level 4 in Maces & Flails
  1587 | D:2      | Noticed an ogre
  1899 | D:2      | Killed an ogre
  1899 | D:2      | Reached XP level 5. HP: 22/33 MP: 5/5
  2385 | D:3      | Noticed Sigmund
  2415 | D:3      | Killed Sigmund
  2415 | D:3      | Reached skill level 5 in Maces & Flails
  2415 | D:3      | Reached XP level 6. HP: 21/39 MP: 6/6
  2816 | D:3      | Found a hide-covered altar of Uskayaw.
  3231 | D:3      | Reached XP level 7. HP: 22/44 MP: 7/7
  3477 | D:4      | Reached skill level 6 in Maces & Flails
  3662 | D:4      | Found a basalt altar of Yredelemnul.
  4040 | D:4      | Found a glowing drain.
  4058 | D:4      | Reached skill level 7 in Maces & Flails
  4074 | D:4      | Noticed Natasha
  4076 | Sewer    | Entered a sewer
  4140 | Sewer    | Reached skill level 5 in Fighting
  4295 | D:4      | Killed Natasha
  4324 | D:4      | Reached XP level 8. HP: 49/49 MP: 8/8
  4458 | D:4      | Reached skill level 1 in Armour
  4522 | D:4      | Noticed Natasha
  4531 | D:4      | Killed Natasha
  4617 | D:4      | Noticed Natasha
  4622 | D:4      | Killed Natasha
  4811 | D:5      | Entered Level 5 of the Dungeon
  5083 | D:5      | Found a staircase to the Ecumenical Temple.
  5088 | D:5      | Noticed Dowan
  5090 | D:5      | Noticed Duvessa
  5096 | D:5      | Killed Dowan
  5096 | D:5      | Reached skill level 8 in Maces & Flails
  5108 | D:5      | Killed Duvessa
  5381 | Temple   | Entered the Ecumenical Temple
  5676 | D:5      | Noticed Prince Ribbit
  6326 | D:5      | Killed Prince Ribbit
  6326 | D:5      | Reached skill level 1 in Bows
  6326 | D:5      | Reached XP level 9. HP: 42/55 MP: 9/9
  6687 | D:6      | Found an iron altar of Okawaru.
  6697 | D:6      | Reached skill level 9 in Maces & Flails
  6702 | D:6      | Became a worshipper of Warmaster Okawaru
  6702 | D:6      | Reached * piety under Okawaru
  6702 | D:6      | Reached ** piety under Okawaru
  6715 | D:6      | Found a sparkling altar of Nemelex Xobeh.
  6718 | D:6      | Found a snail-covered altar of Cheibriados.
  6753 | D:6      | Found a stormy altar of Qazlal.
  6938 | D:6      | Found a basalt altar of Yredelemnul.
  7255 | D:6      | Found a glowing golden altar of the Shining One.
  7401 | D:6      | Noticed an angel
  7884 | D:7      | Noticed Pikel
  7940 | D:7      | Killed Pikel
  8030 | D:7      | Found a shimmering blue altar of Sif Muna.
  8452 | D:8      | Reached skill level 1 in Invocations
  8509 | D:8      | Reached skill level 5 in Bows
  8562 | D:8      | Reached *** piety under Okawaru
  8562 | D:8      | Reached XP level 10. HP: 51/61 MP: 10/10
  8610 | D:8      | Noticed a two-headed ogre
  8895 | D:8      | Slain by a two-headed ogre

Illustrated notes

Levels and vault maps discovered:
D:1:      saegor_arrival_simple_e, layout_loops_cross, kennysheep_pointless_box
D:2:      layout_loops_ring, old_standard_altar
D:3:      layout_loops_cross, marbit_many_paths, uniq_sigmund
D:4:      layout_basic, portal_sewer_entry_f, yredelemnul_altar_generic,
          uniq_natasha
D:5:      layout_basic, minmay_temple_entry_drinking_statues, first_ration,
          grunt_decor_fettered, uniq_prince_ribbit1, uniq_duvessa
D:6:      layout_loops_ring, grunt_temple_overflow_holy_war,
          grunt_temple_overflow_cloverleaf, minivault_24
D:7:      layout_gridville, led_sif_pool, uniq_pikel
D:8:      layout_basic, erik_lair_island, basic_altar
Temple:   nicolae_temple_figure_eight

Skill      XL: |  1  2  3  4  5  6  7  8  9 |
---------------+----------------------------+-----
Dodging        | 3 4 |  4.9
Fighting       | 4 5 6 |  6.9
Maces & Flails | 4 5 7 8 9 |  9.7
Armour         | 3 4 |  4.4
Bows           | 1 5 |  5.2
Invocations    | 1 |  1.0
Stealth        | |  2.1

Action                   |  1- 3 |  4- 6 |  7- 9 | 10-12 || total
-------------------------+-------+-------+-------+-------++-------
Melee: Mace              |   111 |   116 |       |       ||   227
       Flail             |       |    60 |   422 |    21 ||   503
 Fire: Shortbow          |       |       |   106 |     6 ||   112
Throw: Stone             |       |     9 |       |       ||     9
Invok: Heroism           |       |       |     2 |     1 ||     3
  Use: Scroll            |     3 |     2 |    15 |       ||    20
       Potion            |       |     1 |       |     3 ||     4
 Stab: Sleeping          |     1 |     6 |       |       ||     7
  Eat: Chunk             |     1 |     7 |    10 |       ||    18
       Ration            |       |       |     3 |       ||     3
Armor: Robe              |    46 |    81 |     1 |       ||   128
       Ring mail         |       |       |   191 |     5 ||   196
Dodge: Dodged            |    83 |   125 |   255 |    17 ||   480
